 Dungeon Crawl Stone Soup version 0.27-a0-1193-g8631133539 (webtiles) character file.

Game seed: 11239028498234894213

168 bande the Shield-Bearer (level 5, 0/33 HPs)
             Began as a Gargoyle Fighter on May 27, 2021.
             Slain by a water moccasin (3 damage)
             ... on level 3 of the Dungeon.
             The game lasted 00:03:18 (2607 turns).

bande the Shield-Bearer (Gargoyle Fighter)          Turns: 2607, Time: 00:03:19

Health: 0/33       AC: 11    Str: 19    XL:     5   Next: 48%
Magic:  5/5        EV:  7    Int:  9    God:
Gold:   48         SH:  9    Dex: 10    Spells: 4/4 levels left

rFire    . . .     SeeInvis .   a - +1 war axe
rCold    . . .     Faith    +   c - +0 kite shield
rNeg     + . .     Spirit   .   b - +0 scale mail
rPois    ∞         Reflect  .   (no helmet)
rElec    +         Harm     .   (no cloak)
rCorr    .         Rampage  .   (no gloves)
Will     .....                  (no boots)
Stlth    ..........             h - amulet of faith
HPRegen  0.11/turn              (no ring)
MPRegen  0.09/turn              (no ring)

@: no status effects
A: sickness immunity, AC +4, negative energy resistance 1, electricity
resistance, torment resistance 1, petrification resistance
a: no special abilities


You were on level 3 of the Dungeon.
You visited 1 branch of the dungeon, and saw 3 of its levels.

You collected 48 gold pieces.

Inventory:

Hand Weapons
 a - a +1 war axe (weapon)
 e - a +0 flail
 g - a +0 war axe
Armour
 b - a +0 scale mail (worn)
 c - a +0 kite shield (worn)
Jewellery
 h - an amulet of faith (around neck)
 k - an amulet of regeneration
Scrolls
 d - 2 scrolls of fog {unknown}
 f - 3 scrolls of enchant weapon
 i - a scroll of teleportation {unknown}
 l - a scroll of enchant armour {unknown}
 n - a scroll of identify {unknown}
 o - a scroll of brand weapon {unknown}
Potions
 j - a potion of attraction {unknown}
 m - a potion of might


   Skills:
 + Level 3.9 Fighting
 + Level 3.5 Axes
 + Level 3.8 Armour
 + Level 0.5 Dodging
 + Level 4.3 Shields


You had 4 spell levels left.
You didn't know any spells.
Your spell library contained the following spells:

 Spells                   Type           Power      Damage    Failure   Level
 Shock                    Conj/Air       0%         1d3       99%         1
 Static Discharge         Conj/Air       0%         N/A       100%        2
 Swiftness                Air            0%         N/A       100%        3
 Airstrike                Air            0%         N/A       100%        4
 Lightning Bolt           Conj/Air       0%         1d11      100%        5


Dungeon Overview and Level Annotations

Branches:
Dungeon (3/15)

Altars:

Shops:
D:3 :


Innate Abilities, Weirdness & Mutations

You are immune to sickness and miasma.
Your stone body is resilient. (AC +4)
You are immune to poison.
You resist negative energy. (rN+)
You are resistant to electric shocks. (rElec)
You are resistant to unholy torment.
You are immune to petrification.


Message History

The water moccasin completely misses you.
The water moccasin bites you but does no damage.
You slash the water moccasin!
The water moccasin is severely wounded.
The water moccasin bites you.
* * * LOW HITPOINT WARNING * * *
You block the water moccasin's attack.
You closely miss the water moccasin.
The water moccasin is severely wounded.
The water moccasin bites you but does no damage. x2
You closely miss the water moccasin.
The water moccasin is severely wounded.
The water moccasin bites you but does no damage.
You block the water moccasin's attack.
You closely miss the water moccasin.
The water moccasin is severely wounded.
You block the water moccasin's attack.
The water moccasin bites you but does no damage.
You barely miss the water moccasin.
The water moccasin is severely wounded.
You block the water moccasin's attack.
The water moccasin bites you but does no damage.
You completely miss the water moccasin.
The water moccasin is severely wounded.
The water moccasin bites you.
* * * LOW HITPOINT WARNING * * *
The water moccasin bites you but does no damage.
The water moccasin bites you.
* * * LOW HITPOINT WARNING * * *
You closely miss the water moccasin.
The water moccasin is severely wounded.
You block the water moccasin's attack. x2
You completely miss the water moccasin.
The water moccasin is severely wounded.
You block the water moccasin's attack. x2
The water moccasin completely misses you.
You barely miss the water moccasin.
The water moccasin is severely wounded.
The water moccasin bites you.
You die...

#.#$.. ##.#.........
#............
#.....##....# #######
#.....##....# #......
#.....##....# ##.#####
#.....##....###.......
#....S................
#....@................
#..........†..........
#......########.......
........................
.........########.......
.........# #######.
.........# #. ####.##...
#. #. #... #.


You could see a water moccasin.

Vanquished Creatures
  Terence (D:2)
  Jessica (D:2)
  4 gnolls (D:2)
  2 adders (D:2)
  A worm (D:3)
  2 dart slugs
  2 orcs (D:3)
  6 ball pythons
  4 endoplasms
  A goblin (D:3)
  4 hobgoblins
  6 jackals
  A quokka (D:3)
  9 bats
  4 frilled lizards
  5 rats
53 creatures vanquished.

Notes
Turn   | Place    | Note
-------+----------+-------------------------------------------
     0 | D:1      | bande the Gargoyle Fighter began the quest for the Orb.
     0 | D:1      | Reached XP level 1. HP: 14/14 MP: 1/1
   209 | D:1      | Reached XP level 2. HP: 16/19 MP: 2/2
  1294 | D:2      | Reached XP level 3. HP: 10/23 MP: 3/3
  1306 | D:2      | Reached XP level 4. HP: 8/28 MP: 4/4
  1699 | D:2      | Reached skill level 4 in Shields
  1711 | D:2      | Noticed Terence
  1723 | D:2      | Killed Terence
  1967 | D:2      | Reached XP level 5. HP: 33/33 MP: 5/5
  1993 | D:2      | Noticed Jessica
  1999 | D:2      | Killed Jessica
  2377 | D:3      | Found Runeivogg's Book Boutique.
  2583 | D:3      | Noticed a water moccasin
  2607 | D:3      | Slain by a water moccasin

Illustrated notes

Levels and vault maps discovered:
D:1:      amcnicky_arrival_feature_with_door, layout_basic
D:2:      layout_basic, corner_web_ring, serial_park_tiny_2,
          kennysheep_generic_room_4, uniq_terence, uniq_jessica
D:3:      layout_basic, serial_shops, shop

Skill      XL: |  1  2  3  4 |
---------------+-------------+-----
Axes           | 2 3 |  3.5
Shields        | 4 |  4.3
Fighting       | |  3.9
Armour         | |  3.8
Dodging        | |  0.5

Action                   |  1- 3 |  4- 6 || total
-------------------------+-------+-------++-------
Melee: War axe           |    86 |    91 ||   177
  Use: Scroll            |     1 |       ||     1
       Potion            |     4 |       ||     4
Armor: Scale mail        |    56 |    62 ||   118
       Skin              |    10 |       ||    10
Dodge: Dodged            |    35 |    33 ||    68
Block: Kite shield       |    61 |    62 ||   123

Table legend: (Time is in decaauts)
 A = Elapsed time spent in this place.
 B = Non-inter-level travel time spent in this place.
 C = Inter-level travel time spent in this place.
 D = Time resting spent in this place.
 E = Time spent auto-exploring this place.
 F = Levels seen in this place.
 G = Mean time per level.
                   A        B        C        D        E       F      G
               +--------+--------+--------+--------+--------+-----+--------+
         Total |   2711 |   2696 |     15 |    166 |   2012 |   3 |  903.7 |
       Dungeon |   2711 |   2696 |     15 |    166 |   2012 |   3 |  903.7 |
               +--------+--------+--------+--------+--------+-----+--------+

Top non-repeatable levels by time:
     D:2: 1263 daAuts
     D:1: 1095 daAuts
     D:3: 352 daAuts
